 Dungeon Crawl Stone Soup version 0.24-a0-618-ge4662a2d14 (webtiles) character file.

Game seed: 6553541776044366095, levelgen mode: deterministic

84 Freyja the Sneak (level 4, 0/29 HPs)
             Began as a Vampire Assassin on Sept 16, 2019.
             Slain by an orc
             ... wielding a +0 short sword
              (3 damage)
             ... on level 3 of the Dungeon.
             The game lasted 00:07:12 (1891 turns).

Freyja the Sneak (Vampire Assassin)                 Turns: 1891, Time: 00:07:13

Health: 0/29       AC:  3    Str: 10    XL:     4   Next: 24%
Magic:  4/4        EV: 12    Int: 13    God:
Gold:   76         SH:  0    Dex: 16    Spells: 3/3 levels left

rFire    . . .     SeeInvis +   a - +2 dagger
rCold    . . .     Gourm    .   (no shield)
rNeg     . . .     Faith    .   b - +0 robe
rPois    .         Spirit   .   (no helmet)
rElec    .         Reflect  .   c - +0 cloak
rCorr    .         Harm     .   (no gloves)
MR       .....                  (no boots)
Stlth    ++++......             (no amulet)
HPRegen  0.29/turn              (no ring)
MPRegen  0.09/turn              (no ring)

@: regenerating quickly
A: no food, fangs 3, see invisible, [frail 1], unbreathing
a: Exsanguinate


You were on level 3 of the Dungeon.
You were alive.

You visited 1 branch of the dungeon, and saw 3 of its levels.

You collected 76 gold pieces.

Inventory:

Hand Weapons
 a - a +2 dagger (weapon)
Missiles
 d - 23 poisoned darts (quivered)
 e - 2 curare-tipped darts
Armour
 b - a +0 robe (worn)
 c - a +0 cloak (worn)
Jewellery
 f - a cursed ring of teleportation {unknown}
 h - an uncursed ring of magical power {unknown}
Scrolls
 j - 2 scrolls of remove curse
 l - a scroll of amnesia {unknown}
Potions
 g - 2 potions of haste
 i - a potion of might {unknown}
 k - a potion of resistance {unknown}
 m - a potion of brilliance {unknown}
 n - 2 potions of agility


   Skills:
 + Level 2.0 Fighting
 + Level 3.1 Short Blades
 + Level 1.7 Throwing
 + Level 1.4 Dodging
 + Level 7.6 Stealth


You had 3 spell levels left.
You didn't know any spells.
Your spell library was empty.

Dungeon Overview and Level Annotations

Branches:
Dungeon (3/15)

Altars:
Fedhas


Innate Abilities, Weirdness & Mutations

You do not eat.
Your natural rate of healing is unusually fast.
You have razor-sharp teeth.
You have supernaturally acute eyesight. (SInv)
You can survive without breathing.
[You are frail. (-10% HP)]


Message History

* * * LOW HITPOINT WARNING * * *
You barely miss the orc.
The orc is heavily wounded.
The orc closely misses you.
You hit the orc.
You kill the orc!
A kobold comes into view.
The orc hits you with a +0 short sword.
* * * LOW HITPOINT WARNING * * *
Things that are here:
a +0 trident; an orc corpse You hit the orc.
The orc is heavily wounded.
The orc hits you with a +0 short sword.
* * * LOW HITPOINT WARNING * * *
The kobold barely misses you.
You hit the orc.
The orc is severely wounded.
The orc hits you with a +0 short sword.
You die...

#.# * #.# #.# #.#
##### #.#
#...###.###### ###
.............#
######### #.<
#...###.####.#
#oK.....# #..
######...###.#
#@#****,* #..
#.....##.# #)# *,*
##.
##...###.###.#####,*
#. ##.##
#.....(...#,* #. #.#
#####.###.#,*
*****#? #.#
#.##*,*,* *,,,,..
##'## #..,,,,.**
*,***.. ##...##
#...,,.,,* *,* *,,
##.....## #.###.#*,*
*,***,*


You could see an orc and a kobold.

Vanquished Creatures
  2 adders
  2 oozes (D:1)
  3 worms
  A dart slug (D:1)
  3 leopard geckos (D:2)
  3 orcs (D:3)
  2 ball pythons
  5 bats
  A giant cockroach (D:2)
  2 hobgoblins
  3 quokkas
  A frilled lizard (D:1)
  3 goblins (D:1)
  5 kobolds (D:1)
  7 rats
43 creatures vanquished.

Notes
Turn   | Place    | Note
-------+----------+-------------------------------------------
     0 | D:1      | Freyja the Vampire Assassin began the quest for the Orb.
     0 | D:1      | Reached XP level 1. HP: 16/16 MP: 1/1
     6 | D:1      | Noticed a hound
     7 | D:1      | Noticed a polar bear
     7 | D:1      | Noticed a black mamba
    39 | D:1      | Reached skill level 6 in Stealth
   155 | D:1      | Reached XP level 2. HP: 22/22 MP: 2/2
   970 | D:2      | Reached XP level 3. HP: 24/24 MP: 3/3
   997 | D:2      | Reached skill level 7 in Stealth
  1535 | D:2      | Found a blossoming altar of Fedhas.
  1707 | D:3      | Reached XP level 4. HP: 29/29 MP: 4/4
  1891 | D:3      | Slain by an orc

Levels and vault maps discovered:
D:1:      onia_arrival_zoo_common, layout_basic
D:2:      layout_loops_cross, lemuel_crystal_altar
D:3:      layout_loops_corners, uniq_ijyb

Skill      XL: |  1  2  3 |
---------------+----------+-----
Stealth        | 6 7 |  7.6
Fighting       | 2 |  2.0
Short Blades   | 3 |  3.1
Throwing       | |  1.7
Dodging        | |  1.4

Action                   |  1- 3 |  4- 6 || total
-------------------------+-------+-------++-------
Melee: Dagger            |   105 |    19 ||   124
       Bite              |    10 |     2 ||    12
 Abil: Exsanguinate      |     1 |       ||     1
       Revivify          |     1 |       ||     1
  Use: Scroll            |     5 |       ||     5
 Stab: Sleeping          |    18 |     2 ||    20
       Distracted        |     1 |       ||     1
Armor: Robe              |    18 |     2 ||    20
Dodge: Dodged            |    61 |     9 ||    70

Table legend:
 A = Non-vault XP
 B = Vault XP
 C = Vault XP percentage of total XP
 D = Non-vault monster count
 E = Vault monster count
 F = Vault count percentage of total count
                 A         B        C        D         E       F
            +---------+---------+-------+---------+---------+-------
      Total |     121 |       0 |   0.0 |      43 |       0 |   0.0
            +---------+---------+-------+---------+---------+-------
        D:1 |      39 |       0 |   0.0 |      19 |       0 |   0.0
        D:2 |      51 |       0 |   0.0 |      17 |       0 |   0.0
        D:3 |      31 |       0 |   0.0 |       7 |       0 |   0.0
            +---------+---------+-------+---------+---------+-------
